 Dungeon Crawl Stone Soup version 0.21-a0-42-gb537e02 (webtiles) character file.

95 Gallahalt the Cudgeler (level 4, -11/33 HPs)
             Began as a Demonspawn Gladiator on June 4, 2017.
             Was an Initiate of Dithmenos.
             Killed from afar by Ijyb (21 damage)
             ... with a wand of lightning (?/15)
             ... on level 3 of the Dungeon.
             The game lasted 00:05:52 (2149 turns).

Gallahalt the Cudgeler (Demonspawn Gladiator)       Turns: 2149, Time: 00:05:53

Health: -11/33     AC:  6    Str: 21    XL:     4   Next: 39%
Magic:  4/4        EV: 13    Int:  9    God:    Dithmenos [......]
Gold:   161        SH:  0    Dex: 14    Spells: 3/3 levels left

rFire    . . .     SeeInvis .   a - +1 flail
rCold    + . .     Gourm    .   (no shield)
rNeg     . . .     Faith    .   b - +0 leather armour
rPois    .         Spirit   .   c - +0 helmet
rElec    .         Reflect  .   (no cloak)
rCorr    .         Harm     .   (no gloves)
MR       .....                  (no boots)
Stlth    +.........             (no amulet)
Regen    0.2/turn               e - ring of protection from cold
MPRegen  0.1/turn               (no ring)

@: mighty
A: yellow scales 1, powered by death 1
a: Renounce Religion


You were on level 3 of the Dungeon.
You worshipped Dithmenos.
Dithmenos was noncommittal.
You were not hungry.

You visited 1 branch of the dungeon, and saw 3 of its levels.

You collected 161 gold pieces.

Inventory:

Hand Weapons
 a - a +1 flail (weapon)
 k - a +1 dagger of flaming
Missiles
 d - 3 throwing nets (quivered)
Armour
 b - a +0 leather armour (worn)
 c - a +0 helmet (worn)
 l - a cursed -1 ring mail
Jewellery
 e - a ring of protection from cold (left hand)
Scrolls
 h - 2 scrolls of remove curse {unknown}
 i - a scroll of fear {unknown}
 n - a scroll of identify
 r - a scroll of enchant weapon
Potions
 g - a potion of might
 j - a potion of haste {unknown}
 m - 2 potions of agility {unknown}
 q - a potion of degeneration {unknown}
Comestibles
 f - 3 chunks of flesh
 o - a bread ration
 p - a meat ration


   Skills:
 - Level 2.0 Fighting
 * Level 4.3 Maces & Flails
 * Level 2.3 Throwing
 - Level 2.9 Dodging


You had 3 spell levels left.
You didn't know any spells.

Dungeon Overview and Level Annotations

Branches:
Dungeon (3/15)

Altars:
Dithmenos

Annotations:
D:3 Ijyb


Innate Abilities, Weirdness & Mutations

You are partially covered in yellow scales. (AC +2)
You regenerate a little health from kills.


Message History

Ijyb zaps a wand.
The bolt of lightning hits you!
Ouch! That really hurt!
You barely miss Ijyb.
Ijyb is moderately wounded.
Ijyb completely misses you.
You sock Ijyb!
Ijyb is severely wounded.
Ijyb zaps a wand.
The bolt of lightning hits you!
You closely miss Ijyb.
Ijyb is severely wounded.
Ijyb hits you with a dagger. Ijyb closely misses you.
It was a potion of might.
You feel very mighty all of a sudden. Ijyb misses you.
You are too injured to fight recklessly!
You barely miss Ijyb.
Ijyb is severely wounded.
Ijyb zaps a wand.
The bolt of lightning hits you!
Ouch! That really hurt!
You die...

#.#####.##..........
#.# ..#.............
#.# .<#####....(....
#.#...#####........#
#.#................#
#.##..####.#########
#........#.#
###.#.##.#.# #@# #.#
#g# #.# #g# #.#
#...g....# #########


You could see Ijyb and a hobgoblin.

Vanquished Creatures
  Jessica (D:2)
  An adder (D:3)
  4 dart slugs
  3 leopard geckos
  An orc (D:3)
  2 giant cockroaches
  6 goblins
  5 hobgoblins
  5 kobolds
  2 quokkas
  A ball python (D:3)
  6 bats
  4 frilled lizards
  8 rats
49 creatures vanquished.

Notes
Turn   | Place    | Note
-------+----------+-------------------------------------------
     0 | D:1      | Gallahalt the Demonspawn Gladiator began the quest for the Orb.
     0 | D:1      | Reached XP level 1. HP: 16/16 MP: 1/1
   214 | D:1      | Reached skill level 3 in Maces & Flails
   214 | D:1      | Gained mutation: You regenerate a little health from kills. [demonic ancestry]
   214 | D:1      | Reached XP level 2. HP: 19/22 MP: 2/2
   826 | D:2      | Reached XP level 3. HP: 6/27 MP: 3/3
  1309 | D:2      | Noticed Jessica
  1322 | D:2      | Killed Jessica
  1632 | D:2      | Reached skill level 4 in Maces & Flails
  1777 | D:3      | Gained mutation: You are partially covered in yellow scales. (AC +2) [demonic ancestry]
  1777 | D:3      | Reached XP level 4. HP: 33/33 MP: 4/4
  1820 | D:3      | Found a shadowy altar of Dithmenos.
  1860 | D:3      | Became a worshipper of Dithmenos the Shadowed
  2131 | D:3      | Noticed Ijyb
  2149 | D:3      | Killed from afar by Ijyb

Vault maps used:
D:1:      ncdulo_lavacross
D:2:      lemuel_upstairs_altar, uniq_jessica
D:3:      first_bread, nicolae_dithmenos_shadow_blocks, uniq_terence, uniq_ijyb

Skill      XL: |  1  2  3 |
---------------+----------+-----
Maces & Flails | 3 4 |  4.3
Throwing       | 2 |  2.3
Fighting       | |  2.0
Dodging        | |  2.9

Action                   |  1- 3 |  4- 6 || total
-------------------------+-------+-------++-------
Melee: Flail             |   101 |    53 ||   154
  Use: Scroll            |     3 |       ||     3
       Potion            |       |     1 ||     1
 Stab: Sleeping          |     2 |     1 ||     3
  Eat: Chunk             |     2 |       ||     2
       Bread ration      |       |     1 ||     1
Armor: Leather armour    |    41 |    13 ||    54
Dodge: Dodged            |    89 |    37 ||   126
